 Dungeon Crawl Stone Soup version 0.21.1-1-g345015fe64 (webtiles) character file.

20619 waaargh the Basher (level 12, -11/110 HPs)
             Began as a Minotaur Monk on June 1, 2018.
             Was the Champion of Elyvilon.
             Mangled by Rupert
             ... wielding a +1 great mace of draining
              (28 damage)
             ... on level 2 of the Orcish Mines.
             The game lasted 00:44:14 (11369 turns).

waaargh the Basher (Minotaur Monk)                 Turns: 11369, Time: 00:44:15

Health: -11/110    AC: 18    Str: 20    XL:     12   Next: 47%
Magic:  11/11      EV:  6    Int: 14    God:    Elyvilon [******]
Gold:   1423       SH:  8    Dex: 16    Spells: 11/11 levels left

rFire    + . .     SeeInvis .   y - +11 mace of Forced Transition {flame, Int+3}
rCold    + . .     Gourm    .   B - +0 shield
rNeg     . . .     Faith    .   i - +1 plate armour {rC+}
rPois    .         Spirit   .   (helmet restricted)
rElec    +         Reflect  .   r - +0 cloak
rCorr    .         Harm     .   G - +0 pair of gloves
MR       .....                  H - +1 pair of boots
Stlth    ..........             b - amulet of rage
HPRegen  0.28/turn              k - +4 ring of intelligence
MPRegen  0.12/turn              t - ring of protection from fire

@: flying, very heavily drained
A: retaliatory headbutt, horns 2, agile 1, electricity resistance, subdued magic
1
a: Lesser Healing, Heal Other, Purification, Greater Healing, Divine Vigour,
Divine Protection, Renounce Religion, Evoke Berserk Rage


You were on level 2 of the Orcish Mines.
You worshipped Elyvilon.
Elyvilon was exalted by your worship.
You were hungry.

You visited 3 branches of the dungeon, and saw 15 of its levels.

You collected 1423 gold pieces.

Inventory:

Hand Weapons
 q - a +2 trident of protection
 y - the +11 mace of Forced Transition (weapon) {flame, Int+3}
   (You found it on level 4 of the Dungeon)

   It has been specially enchanted to burn those struck by it, causing extra
   injury to most foes and up to half again as much damage against particularly
   susceptible opponents.
   It affects your intelligence (+3).
 V - the +8 flail of Cajat {venom, +Blink rC+}
   (You found it on level 9 of the Dungeon)

   It poisons the flesh of those it strikes.
   It protects you from cold.
   It lets you blink.
Missiles
 d - 9 tomahawks
 L - 3 poisoned javelins (quivered)
Armour
 i - a +1 plate armour of cold resistance (worn)
 r - a +0 cloak (worn)
 B - a +0 shield (worn)
 G - a +0 pair of gloves (worn)
 H - a +1 pair of boots (worn)
 O - a +0 plate armour
Magical Staves
 J - an uncursed staff of cold {unknown}
 Z - an uncursed staff of fire {unknown}
Jewellery
 b - an amulet of rage (around neck)
 k - a +4 ring of intelligence (left hand)
 t - a ring of protection from fire (right hand)
 z - an uncursed ring of flight {unknown}
Wands
 n - a wand of clouds (3)
 w - a wand of acid (7)
 A - a wand of iceblast (11)
 M - a wand of flame (35)
Scrolls
 g - a scroll of random uselessness {unknown}
 j - 12 scrolls of teleportation
 l - a scroll of immolation
 s - 6 scrolls of remove curse
 v - 2 scrolls of blinking
 x - 3 scrolls of enchant armour {unknown}
 C - 3 scrolls of amnesia
 P - a scroll of enchant weapon
 Q - a scroll of fear
 U - 4 scrolls of identify
 Y - a scroll of brand weapon {unknown}
Potions
 e - 2 potions of ambrosia
 f - a potion of heal wounds
 h - a potion of brilliance
 m - a potion of lignification
 p - a potion of degeneration
 I - a potion of haste
 K - 2 potions of curing
 R - 2 potions of might
 W - a potion of agility
Books
 S - a book of Minor Magic

   Spells                             Type                      Level
   a - Magic Dart                     Conjuration                  1
   b - Blink                          Translocation                2
   c - Call Imp                       Summoning                    2
   d - Slow                           Hexes                        2
   e - Conjure Flame                  Conjuration/Fire             3
   f - Mephitic Cloud                 Conjuration/Poison/Air       3
 T - a book of Changes

   Spells                             Type                      Level
   a - Beastly Appendage              Transmutation                1
   b - Sticks to Snakes               Transmutation                2
   c - Spider Form                    Transmutation/Poison         3
   d - Ice Form                       Ice/Transmutation            4
   e - Blade Hands                    Transmutation                5
 X - a book of Callings

   Spells                             Type                      Level
   a - Summon Small Mammal            Summoning                    1
   b - Call Imp                       Summoning                    2
   c - Call Canine Familiar           Summoning                    3
   d - Summon Guardian Golem          Hexes/Summoning              3
   e - Summon Lightning Spire         Summoning/Air                4
   f - Summon Ice Beast               Ice/Summoning                4
Miscellaneous
 a - a box of beasts
Comestibles
 c - 28 rations


   Skills:
 + Level 11.6(6.7) Fighting
   Level 5.7(1.5) Long Blades
 * Level 14.5(9.3) Maces & Flails
 + Level 11.0(6.2) Armour
 + Level 10.7(5.9) Dodging
 - Level 2.0(0.0) Stealth


You had 11 spell levels left.
You didn't know any spells.

Dungeon Overview and Level Annotations

Branches:
Dungeon (12/15)            Temple (1/1) D:5            Lair (0/6) D:8
    Orc (2/2) D:12            Elf (0/3) Orc:2

Altars:
Ashenzari
Cheibriados
Dithmenos
Elyvilon
Fedhas
Gozag
Hepliaklqana
Kikubaaqudgha
Makhleb
Nemelex Xobeh
Okawaru
Qazlal
Ru
Sif Muna
Trog
Uskayaw
Vehumet
Wu Jian
Xom
Yredelemnul
Zin
The Shining One

Annotations:
D:10 exclusion: obsidian statue
Orc:2 Rupert


Innate Abilities, Weirdness & Mutations

You reflexively headbutt those who attack you in melee.
You have a pair of horns on your head.
You are agile. (Dex +2)
You are resistant to electric shocks. (rElec)
Your spells are a little easier to cast, but a little less powerful.


Message History

Rupert hits you with a great mace of draining!
* * * LOW HITPOINT WARNING * * *
You feel drained.
* * * LOW HITPOINT WARNING * * *
You feel much better.
Rupert hits you with a great mace of draining!!!
* * * LOW HITPOINT WARNING * * *
You feel drained.
* * * LOW HITPOINT WARNING * * *
Rupert hits you with a great mace of draining.
* * * LOW HITPOINT WARNING * * *
You feel drained.
Aiming: Corrosive Bolt
Press: ? - help, Shift-Dir - straight line, f - Rupert
Aim: Rupert, wielding a great mace of draining and wearing a runed chain mail (severely wounded, berserk, fast, unusually strong)
The bolt of acid hits Rupert.
Rupert is splashed with acid.
The acid corrodes Rupert!
Rupert is severely wounded.
Rupert hits you with a great mace of draining!!
You die...

## ####### ##..
##.#.#....#.#..#.. ....
#.................
##...###..................
#.....#...................
......#....................
......#....................
#...#.....................
#......@@................
#..#.....................
#$........#.......).......
#.....#..........[).......
##...#........##..)..##...
#####........##.....##...
#...#.................
##.#####.............# ##
#..##.....##..#


You could see Rupert (berserk).

Vanquished Creatures
  Josephine (D:11)
  Erolcha (D:10)
  4 two-headed ogres
  Erica (D:8)
  The ghost of Gargoyl the Skirmisher, a novice CeAK of Lugonu (D:8)
  An orc sorcerer (Orc:1)
  An ugly thing (D:12)
  A deep elf mage (D:12)
  A cyclops (Orc:1)
  An elephant (D:8)
  2 kobold demonologists (D:11)
  2 hellwings (D:8)
  3 trolls (D:12)
  Grinder (D:5)
  2 hippogriffs
  A shadow (D:11)
  7 wraiths
  A steam dragon (D:12)
  4 yaks (D:11)
  3 basilisks
  2 wargs (Orc:2)
  Edmund (D:5)
  2 soldier ants (D:11)
  Duvessa (D:7)
  3 sky beasts
  12 orc warriors
  A hornet zombie (D:9)
  2 necrophages
  3 phantoms
  A black bear (D:6)
  7 centaurs
  11 ogres
  4 big kobolds
  9 bullfrogs
  2 wyvern zombies
  2 gnoll sergeants (D:12)
  Dowan (D:7)
  A wyvern skeleton (D:8)
  A water moccasin skeleton (D:6)
  A scorpion (D:10)
  9 killer bees (D:11)
  3 wights (D:12)
  2 howler monkeys
  4 crimson imps
  2 bullfrog zombies
  4 centaur zombies
  2 quasits
  A jelly (D:8)
  7 orc priests
  5 hounds
  Crazy Yiuf (D:2)
  3 bullfrog skeletons
  3 centaur skeletons
  15 orc wizards
  2 iguanas
  5 worker ants
  A hound zombie (D:7)
  2 worker ant zombies
  A howler monkey skeleton (D:10)
  13 adders
  A gnoll (D:12)
  7 shadow imps
  2 oozes
  4 adder zombies
  2 adder skeletons
  4 worms
  6 dart slugs
  4 leopard geckos
  48 orcs
  6 giant cockroaches
  10 goblins
  9 hobgoblins
  8 jackals
  4 quokkas
  A ball python (D:2)
  14 bats
  5 frilled lizards
  2 jackal skeletons
  10 kobolds
  A quokka zombie (D:7)
  4 rats
  2 withered plants (D:8)
345 creatures vanquished.

Notes
Turn   | Place    | Note
-------+----------+-------------------------------------------
     0 | D:1      | waaargh the Minotaur Monk began the quest for the Orb.
     0 | D:1      | Reached XP level 1. HP: 19/19 MP: 0/0
    95 | D:1      | Reached XP level 2. HP: 27/27 MP: 1/1
   598 | D:1      | Reached XP level 3. HP: 31/33 MP: 2/2
  1357 | D:2      | Reached XP level 4. HP: 28/40 MP: 3/3
  1517 | D:2      | Found a runed door.
  1522 | D:2      | Noticed Crazy Yiuf
  1531 | D:2      | Killed Crazy Yiuf
  1531 | D:2      | Reached skill level 1 in Armour
  1731 | D:2      | Reached skill level 5 in Long Blades
  1926 | D:3      | Reached XP level 5. HP: 43/47 MP: 4/4
  2405 | D:4      | Got a crude mace
  2434 | D:4      | Identified the +11 mace of Forced Transition {flame, Int+3} (You found it on level 4 of the Dungeon)
  2468 | D:4      | Got a crude quarterstaff
  2491 | D:4      | Reached skill level 1 in Maces & Flails
  2552 | D:4      | Reached XP level 6. HP: 53/53 MP: 5/5
  2809 | D:4      | Reached skill level 2 in Maces & Flails
  3349 | D:4      | Found a stormy altar of Qazlal.
  3572 | D:5      | Entered Level 5 of the Dungeon
  3636 | D:5      | Reached skill level 3 in Maces & Flails
  3672 | D:5      | Reached skill level 5 in Fighting
  3728 | D:5      | Noticed Grinder
  3730 | D:5      | Paralysed by Grinder for 6 turns
  3750 | D:5      | Killed Grinder
  3750 | D:5      | Reached skill level 4 in Maces & Flails
  3750 | D:5      | Reached skill level 5 in Dodging
  3750 | D:5      | Reached XP level 7. HP: 61/61 MP: 6/6
  3789 | D:5      | Noticed Edmund
  3803 | D:5      | Killed Edmund
  4092 | D:5      | Reached skill level 5 in Maces & Flails
  4297 | D:5      | Found a staircase to the Ecumenical Temple.
  4507 | Temple   | Entered the Ecumenical Temple
  4652 | Temple   | Became a worshipper of Elyvilon the Healer
  4652 | Temple   | Reached * piety under Elyvilon
  4652 | Temple   | Reached ** piety under Elyvilon
  4937 | D:6      | Reached XP level 8. HP: 22/70 MP: 7/7
  5166 | D:6      | Found an ancient bone altar of Kikubaaqudgha.
  5166 | D:6      | Found a glowing silver altar of Zin.
  5166 | D:6      | Found a burning altar of Makhleb.
  5326 | D:6      | Reached skill level 6 in Maces & Flails
  5343 | D:6      | Reached skill level 5 in Armour
  5787 | D:7      | Reached skill level 7 in Maces & Flails
  5832 | D:7      | Found a hide-covered altar of Uskayaw.
  5838 | D:7      | Noticed Duvessa
  5842 | D:7      | Noticed Dowan
  5849 | D:7      | Killed Duvessa
  5849 | D:7      | Reached XP level 9. HP: 68/79 MP: 8/8
  5858 | D:7      | Killed Dowan
  6127 | D:7      | Reached skill level 8 in Maces & Flails
  6200 | D:8      | Noticed Gargoyl's ghost (novice CeAK)
  6236 | D:8      | Killed Gargoyl's ghost
  6236 | D:8      | Reached skill level 9 in Maces & Flails
  6452 | D:8      | Noticed a hellwing
  6454 | D:8      | Noticed a hellwing
  6462 | D:8      | Killed a hellwing
  6473 | D:8      | Reached skill level 10 in Maces & Flails
  6476 | D:8      | Reached XP level 10. HP: 68/90 MP: 9/9
  6490 | D:8      | Reached *** piety under Elyvilon
  6613 | D:8      | Noticed an elephant
  6626 | D:8      | Killed an elephant
  6635 | D:8      | Reached skill level 11 in Maces & Flails
  6644 | D:8      | Found a staircase to the Lair.
  6687 | D:8      | Noticed Erica
  6698 | D:8      | Killed Erica
  6984 | D:8      | Noticed a two-headed ogre
  6994 | D:8      | Killed a two-headed ogre
  7164 | D:8      | Found a basalt altar of Yredelemnul.
  7326 | D:9      | You fall through a shaft for 2 floors!
  7433 | D:11     | Reached XP level 11. HP: 56/99 MP: 10/10
  7458 | D:11     | Reached skill level 12 in Maces & Flails
  7537 | D:11     | Reached **** piety under Elyvilon
  7544 | D:11     | Found a shattered altar of Ashenzari.
  7687 | D:10     | Entered Level 10 of the Dungeon
  7717 | D:10     | Noticed an obsidian statue
  7775 | D:10     | Reached skill level 10 in Fighting
  8092 | D:10     | Noticed a two-headed ogre
  8101 | D:10     | Killed a two-headed ogre
  8141 | D:10     | Noticed Erolcha
  8149 | D:10     | Killed Erolcha
  8579 | D:10     | Noticed a sixfirhy
  8729 | D:9      | Reached ***** piety under Elyvilon
  8806 | D:9      | Got an ancient flail
  8811 | D:9      | Identified the +8 flail of Cajat {venom, +Blink rC+} (You found it on level 9 of the Dungeon)
  8906 | D:9      | Found a snail-covered altar of Cheibriados.
  9414 | D:11     | Reached skill level 13 in Maces & Flails
  9455 | D:11     | Noticed a two-headed ogre
  9468 | D:11     | Killed a two-headed ogre
  9468 | D:11     | Reached skill level 10 in Armour
  9562 | D:11     | Noticed Josephine
  9585 | D:11     | Killed Josephine
  9585 | D:11     | Reached skill level 10 in Dodging
 10022 | D:12     | Noticed a two-headed ogre
 10032 | D:12     | Killed a two-headed ogre
 10032 | D:12     | Reached XP level 12. HP: 81/110 MP: 11/11
 10181 | D:12     | Reached skill level 14 in Maces & Flails
 10409 | D:12     | Found a staircase to the Orcish Mines.
 10416 | Orc:1    | Entered Level 1 of the Orcish Mines
 10883 | Orc:2    | Entered Level 2 of the Orcish Mines
 10925 | Orc:2    | Found a staircase to the Elven Halls.
 11329 | Orc:2    | Gained mutation: Your spells are a little easier to cast, but a little less powerful. [potion of mutation]
 11329 | Orc:2    | Gained mutation: You are agile. (Dex +2) [potion of mutation]
 11329 | Orc:2    | Gained mutation: You are resistant to electric shocks. (rElec) [potion of mutation]
 11336 | Orc:2    | Reached ****** piety under Elyvilon
 11340 | Orc:2    | Noticed Rupert
 11369 | Orc:2    | Mangled by Rupert

Skill      XL: |  1  2  3  4  5  6  7  8  9 10 11 12 |
---------------+-------------------------------------+-----
Fighting       | 4 5 6 7 8 9 11 | 11.6
Long Blades    | 4 5 |  5.7
Dodging        | 4 5 6 7 9 10 | 10.7
Armour         | 1 2 3 4 5 7 8 10 11 | 11.0
Stealth        | 2 |  2.0
Maces & Flails | 1 4 5 7 10 11 13 14 | 14.5

Action                   |  1- 3 |  4- 6 |  7- 9 | 10-12 || total
-------------------------+-------+-------+-------+-------++-------
Melee: Falchion          |    88 |    88 |       |       ||   176
       Headbutt          |    20 |    27 |    28 |   110 ||   185
       Mace              |       |    42 |   172 |   540 ||   754
Throw: Javelin           |       |     3 |     6 |     3 ||    12
       Tomahawk          |       |       |     4 |       ||     4
Invok: Lesser Healing    |       |       |       |     1 ||     1
       Heal Other        |       |       |       |     1 ||     1
       Greater Healing   |       |       |       |     1 ||     1
Evoke: Wand              |       |       |     1 |     1 ||     2
       Box of beasts     |       |       |       |     1 ||     1
  Use: Scroll            |     4 |     5 |     1 |     9 ||    19
       Potion            |       |     1 |     9 |     6 ||    16
 Stab: Sleeping          |     3 |       |       |       ||     3
  Eat: Chunk             |     1 |     8 |       |     5 ||    14
       Ration            |       |       |     3 |     3 ||     6
Armor: Robe              |     3 |       |       |       ||     3
       Plate armour      |    65 |    98 |   131 |   358 ||   652
Dodge: Dodged            |    42 |    40 |    20 |   184 ||   286
Block: Shield            |       |       |    89 |   235 ||   324
       Rpst.: Falchion   |     9 |     8 |       |       ||    17
